Map: Turbo Cruise '84 LE

Players

GOStephano (Stephano) - Winner!

  • Race: Zerg Zerg
  • League: Grandmaster
  • Spawn Location: 7:00

HellraiseR

  • Race: Protoss Protoss
  • Spawn Location: 3:00

Event: HomeStory Cup XIX

VOD

Have the link to the VOD?

Description

Time

  • Played on: June 29, 2019, 6:30 a.m.
  • Length: 15:36

All games in this series

Show
View Real Time Build Order
Export as new Build Order

GOStephano Zerg - Winner!

Build Orders: Hatch First, Swarm Host 

Get SALT Encoding   

  12  0:00  Drone  
  13  0:12  Overlord  
  13  0:17  Drone  
  14  0:30  Drone x2  
  16  0:48  Hatchery  
  15  0:51  Drone  
  15  0:57  Drone  
  17  0:59  Drone  
  18  1:10  Extractor  
  17  1:15  Spawning Pool  
  16  1:19  Drone  
  17  1:26  Drone  
  18  1:33  Drone  
  19  1:46  Drone  
  20  2:02  Spine Crawler  
  20  2:04  Zergling x6, Spine Crawler  
  23  2:16  Zergling x2  
  23  2:38  Hatchery  
  22  2:45  Drone  
  22  2:46  Drone  
  22  2:48  Metabolic Boost  
  22  2:53  Overlord  
  22  3:09  Overlord  
  22  3:17  Queen  
  24  3:20  Drone x2  
  24  3:22  Extractor  
  25  3:29  Drone  
  26  3:40  Drone  
  27  3:51  Drone x2  
  27  3:54  Lair  
  29  4:06  Drone x2  
  29  4:07  Queen  
  33  4:24  Overlord  
  33  4:26  Overlord  
  33  4:30  Drone x2  
  33  4:31  Drone  
  36  4:35  Overlord  
  36  4:43  Queen  
  38  4:50  Zergling x4  
  38  4:51  Zergling x4  
  38  4:52  Infestation Pit  
  41  4:59  Overlord  
  41  5:00  Overlord  
  41  5:04  Spore Crawler  
  40  5:30  Swarm Host x5  
  40  5:35  Drone, Extractor  
  57  5:36  Drone  
  56  5:43  Nydus Network  
  56  5:45  Swarm Host  
  56  5:49  Drone  
  59  5:51  Drone  
  60  5:59  Swarm Host  
  63  6:07  Overlord  
  63  6:15  Swarm Host  
  66  6:20  Nydus Canal  
  66  6:22  Swarm Host  
  66  6:24  Overlord  
  69  6:30  Overlord  
  69  6:32  Swarm Host  
  72  6:43  Swarm Host  
  72  6:45  Drone x3  
  78  6:48  Extractor  
  77  6:56  Queen  
  77  6:59  Nydus Canal  
  79  7:02  Spore Crawler  
  78  7:10  Spore Crawler  
  78  7:11  Drone  
  78  7:12  Drone  
  78  7:15  Drone  
  80  7:27  Swarm Host x2  
  86  7:42  Overlord  
  86  7:45  Swarm Host x2  
  86  7:47  Spore Crawler  
  89  7:56  Swarm Host  
  86  8:06  Swarm Host x2  
  90  8:21  Swarm Host  
  93  8:36  Swarm Host x2  
  99  8:44  Swarm Host x2  
  99  8:46  Drone  
  106  8:50  Spore Crawler  
  105  8:59  Swarm Host  
  105  9:02  Swarm Host  
  102  9:08  Nydus Canal  
  102  9:10  Swarm Host  
  102  9:15  Swarm Host  
  107  9:25  Overlord  
  107  9:36  Nydus Canal  
  107  9:49  Swarm Host x2  
  112  10:02  Spore Crawler x2  
  106  10:07  Swarm Host x3  
  106  10:11  Spore Crawler x2  
  110  10:18  Drone  
  96  10:29  Drone  
  94  10:39  Nydus Canal  
  91  10:48  Spore Crawler  
  90  11:08  Swarm Host  
  93  11:13  Spore Crawler  
  92  11:30  Infestor  
  94  11:42  Nydus Canal  
  94  12:11  Infestor x2  
  81  13:01  Drone x4  
  85  13:47  Spore Crawler  
  84  14:02  Drone x2  
  47  15:14  Drone, Spore Crawler x2  
  47  15:15  Drone x2  
Show
View Real Time Build Order
Export as new Build Order

HellraiseR Protoss 

Build Orders:  

Get SALT Encoding   

  12  0:00  Probe  
  13  0:12  Probe  
  14  0:19  Pylon  
  14  0:24  Probe  
  15  0:33  Probe  
  15  0:38  Gateway  
  15  0:41  Probe  
  16  0:47  Assimilator  
  17  0:52  Probe  
  18  1:07  Forge  
  19  1:12  Pylon  
  18  1:19  Pylon  
  18  1:22  Pylon  
  18  1:39  Photon Cannon  
  19  1:53  Cybernetics Core  
  18  1:55  Photon Cannon  
  18  2:05  Photon Cannon  
  19  2:08  Probe  
  19  2:20  Probe  
  19  2:21  Adept  
  19  2:33  Probe  
  22  2:41  Probe  
  22  2:49  Probe  
  26  3:03  Probe  
  26  3:14  Stalker  
  26  3:15  Pylon  
  26  3:25  Nexus  
  26  3:32  Pylon  
  26  3:42  Probe  
  26  3:43  Stargate  
  26  3:48  Assimilator  
  27  3:54  Probe  
  28  3:59  Pylon  
  28  4:09  Probe  
  29  4:10  Photon Cannon  
  29  4:19  Pylon  
  29  4:21  Shield Battery  
  29  4:24  Probe  
  30  4:25  Oracle  
  30  4:34  Probe  
  30  4:36  Probe  
  34  4:42  Probe  
  35  4:45  Probe  
  35  4:46  Warp Gate  
  35  4:51  Probe  
  37  4:55  Probe  
  37  4:58  Oracle  
  42  5:08  Probe  
  42  5:09  Probe  
  42  5:12  Assimilator  
  44  5:17  Assimilator  
  44  5:20  Probe  
  45  5:22  Probe  
  45  5:26  Pylon  
  46  5:32  Probe  
  46  5:34  Probe  
  46  5:35  Oracle  
  48  5:38  Stargate  
  48  5:45  Probe  
  48  5:46  Probe  
  54  5:57  Probe  
  55  6:04  Photon Cannon  
  55  6:09  Shield Battery  
  55  6:10  Photon Cannon, Shield Battery  
  55  6:11  Oracle  
  54  6:13  Oracle  
  57  6:25  Photon Cannon  
  60  6:28  Shield Battery  
  60  6:35  Stalker  
  62  6:43  Probe x2  
  64  6:48  Oracle x2  
  68  7:02  Stalker  
  68  7:05  Pylon  
  68  7:08  Pylon  
  70  7:14  Photon Cannon  
  70  7:25  Oracle  
  76  7:30  Probe x2  
  76  7:32  Stalker  
  80  7:45  Pylon x3  
  80  7:47  Pylon  
  80  7:49  Oracle  
  77  7:57  Oracle, Pylon  
  75  7:58  Pylon  
  75  8:03  Probe x2  
  74  8:16  Probe, Oracle  
  74  8:17  Probe  
  74  8:28  Probe  
  74  8:29  Probe  
  74  8:31  Oracle  
  76  8:41  Oracle  
  76  8:45  Gateway  
  76  8:47  Gateway  
  71  8:51  Photon Cannon  
  71  8:53  Photon Cannon, Shield Battery  
  74  8:59  Probe  
  75  9:03  Probe  
  75  9:08  Oracle  
  76  9:11  Pylon  
  78  9:21  Stalker  
  81  9:32  Photon Cannon  
  81  9:38  Oracle  
  81  9:41  Stalker  
  81  9:45  Twilight Council  
  80  9:46  Stalker  
  80  9:47  Gateway  
  80  9:49  Cybernetics Core  
  85  10:03  Stargate  
  85  10:07  Pylon  
  85  10:10  Oracle  
  77  10:40  Oracle  
  74  10:49  Oracle  
  76  11:00  Stalker  
  76  11:17  Oracle  
  28  14:00  Pylon  
  19  15:11  Pylon  
  19  15:14  Pylon  
  19  15:20  Pylon  
Tags
 
Add a new tag
Caveats
  • Supply blocks, unpowered buildings, or Contaminate may cause inaccurate times.
  • Supply counts are checked every 10 seconds.